Map: Romanticide LE

Players

Rob

  • Race: Protoss Protoss

Antis - Winner!

  • Race: Zerg Zerg

Event: DreamHack SC2 Masters 2021 Fall

VOD

Have the link to the VOD?

Description

Time

  • Played on: Aug. 3, 2021, 5:39 p.m.
  • Length: 8:58

All games in this series

Show
View Real Time Build Order
Export as new Build Order

Rob Protoss 

Build Orders: 1 Gate Expand, Carrier Rush 

Get SALT Encoding   

  12  0:00  Probe  
  13  0:12  Probe  
  14  0:18  Pylon  
  14  0:24  Probe (Chrono Boost)  
  15  0:37  Probe (Chrono Boost)  
  15  0:38  Gateway  
  16  0:45  Probe (Chrono Boost)  
  17  1:10  Nexus  
  17  1:14  Probe (Chrono Boost)  
  18  1:23  Probe (Chrono Boost)  
  18  1:25  Assimilator  
  19  1:28  Assimilator  
  19  1:30  Probe  
  20  1:40  Cybernetics Core  
  20  1:43  Probe  
  21  1:55  Probe  
  21  2:01  Pylon  
  22  2:08  Probe (Chrono Boost)  
  23  2:19  Adept  
  23  2:21  Probe (Chrono Boost)  
  27  2:24  Probe (Chrono Boost)  
  27  2:27  Stargate  
  28  2:31  Probe (Chrono Boost)  
  28  2:32  Probe (Chrono Boost)  
  29  2:38  Probe  
  29  2:39  Probe  
  29  2:42  Warp Gate  
  31  2:50  Probe  
  31  2:51  Probe  
  33  2:53  Adept  
  35  3:02  Probe  
  35  3:03  Probe  
  35  3:05  Gateway  
  37  3:08  Void Ray (Chrono Boost)  
  37  3:14  Probe  
  37  3:15  Probe  
  43  3:27  Probe (Chrono Boost)  
  43  3:30  Assimilator, Probe (Chrono Boost)  
  43  3:31  Assimilator  
  43  3:32  Pylon  
  45  3:39  Probe (Chrono Boost)  
  46  3:46  Stargate  
  46  3:50  Probe x2  
  48  4:02  Probe x2  
  50  4:03  Pylon  
  50  4:04  Fleet Beacon  
  50  4:14  Probe  
  50  4:15  Probe  
  50  4:26  Probe  
  50  4:27  Probe  
  50  4:30  Nexus  
  52  4:32  Pylon  
  52  4:44  Carrier (Chrono Boost)  
  52  4:48  Protoss Air Weapons Level 1 (Chrono Boost)  
  58  4:59  Probe x2  
  66  5:04  Pylon  
  66  5:11  Probe x2  
  66  5:12  Carrier (Chrono Boost)  
  68  5:15  Adept  
  68  5:17  Pylon  
  70  5:23  Probe x2  
  70  5:24  Pylon  
  72  5:29  Shield Battery  
  72  5:35  Probe x2  
  74  5:42  Carrier (Chrono Boost), Probe  
  75  5:47  Probe  
  82  5:50  Probe  
  82  5:54  Probe  
  82  5:55  Assimilator  
  84  5:58  Assimilator  
  84  6:00  Probe  
  84  6:02  Probe  
  92  6:06  Probe  
  92  6:09  Carrier (Chrono Boost)  
  92  6:10  Pylon  
  93  6:12  Probe  
  94  6:21  Stargate  
  94  6:22  Stargate  
  94  6:24  Probe x2  
  94  6:25  Probe  
  97  6:28  Pylon  
  97  6:30  Pylon  
  97  6:32  Void Ray (Chrono Boost)  
  97  6:36  Probe x2  
  97  6:37  Probe  
  104  7:03  Void Ray (Chrono Boost)  
  108  7:09  Void Ray (Chrono Boost)  
  108  7:12  Carrier (Chrono Boost)  
  108  7:14  Void Ray (Chrono Boost)  
  116  7:15  Nexus  
  116  7:17  Forge, Pylon  
  116  7:28  Gateway  
  116  7:29  Gateway  
  116  7:36  Shield Battery  
  116  7:37  Void Ray (Chrono Boost), Zealot, Probe x3  
  122  7:40  Zealot  
  127  7:49  Probe x3  
  126  7:57  Void Ray (Chrono Boost)  
  126  7:58  Zealot  
  126  8:04  Void Ray x2 (Chrono Boost)  
  121  8:06  Void Ray (Chrono Boost)  
  121  8:09  Probe x3  
  117  8:12  Zealot  
  123  8:21  Twilight Council, Probe x3  
  126  8:29  Zealot  
  126  8:32  Zealot  
  126  8:33  Probe x3  
  127  8:35  Zealot x2  
  114  8:45  Probe  
Show
View Real Time Build Order
Export as new Build Order

Antis Zerg - Winner!

Build Orders: Hatch First 

Get SALT Encoding   

  12  0:00  Drone  
  13  0:12  Overlord  
  13  0:17  Drone  
  14  0:30  Drone x2  
  16  0:49  Hatchery  
  15  0:52  Drone  
  15  0:55  Drone  
  17  0:58  Drone  
  18  1:09  Extractor  
  17  1:16  Spawning Pool  
  17  1:17  Drone  
  17  1:21  Drone  
  18  1:27  Drone  
  19  1:40  Drone  
  20  1:51  Overlord  
  20  2:01  Drone  
  20  2:02  Drone  
  20  2:03  Queen x2  
  26  2:13  Drone  
  26  2:14  Metabolic Boost  
  27  2:22  Drone x3  
  30  2:39  Hatchery  
  30  2:43  Drone x2  
  31  2:46  Queen  
  33  2:52  Overlord  
  33  2:56  Zergling x4  
  35  2:59  Drone  
  35  3:04  Overlord  
  41  3:12  Drone x5  
  41  3:18  Drone  
  42  3:25  Spore Crawler  
  41  3:29  Queen  
  41  3:30  Drone x4  
  47  3:37  Zergling x2  
  48  3:41  Zergling x2  
  48  3:46  Drone x3  
  48  3:47  Spore Crawler  
  51  3:48  Spore Crawler  
  51  3:51  Drone x5  
  55  3:56  Overlord  
  55  4:03  Overlord  
  55  4:09  Roach Warren  
  53  4:17  Zergling x6  
  53  4:19  Drone x2  
  57  4:24  Drone x7  
  64  4:33  Zergling x2  
  64  4:34  Overlord x2  
  64  4:35  Lair, Overlord  
  64  4:41  Extractor  
  64  4:42  Evolution Chamber  
  64  4:44  Extractor  
  61  4:46  Extractor, Drone x5  
  65  4:53  Drone x4  
  65  4:57  Drone x3  
  65  4:59  Queen  
  74  5:05  Queen  
  76  5:10  Drone x6  
  82  5:16  Extractor  
  82  5:17  Zerg Missile Weapons Level 1  
  81  5:21  Evolution Chamber  
  81  5:24  Drone x2  
  82  5:28  Drone x4  
  82  5:29  Drone, Hatchery  
  82  5:31  Extractor  
  85  5:36  Drone x3  
  85  5:38  Spore Crawler  
  85  5:40  Overlord x2  
  87  5:46  Hydralisk Den  
  87  5:48  Zerg Ground Armor Level 1  
  87  5:49  Queen  
  86  5:53  Overlord  
  86  5:54  Overlord  
  88  5:59  Queen  
  88  6:01  Spore Crawler  
  88  6:02  Overlord  
  89  6:17  Hydralisk  
  89  6:18  Hydralisk x6  
  93  6:23  Drone x5  
  108  6:29  Drone x6  
  114  6:33  Grooved Spines  
  114  6:37  Overlord  
  111  6:51  Queen x2  
  111  6:58  Queen  
  111  7:01  Hydralisk x8  
  111  7:02  Hydralisk x2  
  127  7:15  Hydralisk x6  
  139  7:24  Overlord x2  
  139  7:25  Extractor, Overlord  
  138  7:31  Hydralisk x2  
  142  7:41  Overlord  
  142  7:42  Overlord  
  142  7:44  Muscular Augments  
  142  7:45  Hydralisk x7  
  142  7:46  Hydralisk  
  142  7:50  Overlord x2  
  157  8:05  Hydralisk x9  
  167  8:15  Hydralisk x3  
  167  8:19  Zergling x12  
  177  8:20  Extractor  
  173  8:33  Drone x7  
  173  8:34  Drone x5  
  191  8:48  Spine Crawler  

Tags
 
Add a new tag
Caveats
  • Supply blocks, unpowered buildings, or Contaminate may cause inaccurate times.
  • Supply counts are checked every 10 seconds.